 Dungeon Crawl Stone Soup version 0.32-a0-519-g08f29ac1c3 (webtiles) character file.

Game seed: 16064312236608759301

4 Alarak the Shooter (level 1, -1/17 HPs)
             Began as a Barachi Hunter on Feb 29, 2024.
             Succumbed to a goblin's poison
             ... on level 1 of the Dungeon.
             The game lasted 00:00:46 (74 turns).

Alarak the Shooter (Barachi Hunter)                   Turns: 74, Time: 00:00:47

Health: -1/17      AC:  3    Str: 12    XL:     1   Next: 60%
Magic:  1/1        EV: 12    Int:  9    God:
Gold:   14         SH:  0    Dex: 15    Spells: 0/0 levels left

rFire   . . .        a - +0 shortbow
rCold   . . .        (shield currently unavailable)
rNeg    . . .        c - +0 leather armour
rPois   .            (no helmet)
rElec   .            (no cloak)
rCorr   .            (no gloves)
SInv    .            (no boots)
Will    .....        (no amulet)
Stlth   +            (no ring)
HPRegen 0.22/turn    (no ring)
MPRegen 0.07/turn

%: no passive effects
@: lethally poisoned (-1 -> -8), unable to hop, slow
A: amphibious, slowness 1, strong legs 1, +LOS
a: Hop


You were on level 1 of the Dungeon.
You visited 1 branch of the dungeon, and saw 1 of its levels.

You collected 14 gold pieces.

Inventory:

Hand Weapons
 a - a +0 shortbow (weapon)
Armour
 c - a +0 leather armour (worn)
Scrolls
 b - a scroll of butterflies
Potions
 d - a potion of haste {unknown}


   Skills:
 - Level 2.4 Fighting
 + Level 4.2 Ranged Weapons
 - Level 2.1 Dodging
 - Level 0.8 Stealth


You couldn't memorise any spells.
You didn't know any spells.
Your spell library was empty.

Dungeon Overview and Level Annotations

Branches:
Dungeon (1/15)

Altars:


Innate Abilities, Weirdness & Mutations

You are amphibious.
You cover ground slowly.
You can hop short distances.
You have an extended range of vision and can be seen from far away.


Message History

There are monsters nearby!
There are monsters nearby!
You shoot an arrow. The arrow hits the goblin.
The goblin shouts!
The goblin is moderately wounded.
You shoot an arrow.
The arrow hits the goblin but does no damage.
The goblin is moderately wounded.
The goblin hits you with a +2 dagger of venom.
You are poisoned.
The goblin hits you with a +2 dagger of venom.
You are lethally poisoned!
Hop to where?
Press: ? - help, Q - select action, (/) - cycle Dir - move target, p - goblin Boing!
You feel very sick.
You are too injured to fight recklessly!
You don't know any spells.
Unknown command.
Fire: a) +0 shortbow
Press: ? - help, Shift-Dir - straight line, f - goblin
Aim: a goblin, wielding a +2 dagger of venom (sparse dust, moderately wounded, 55% to hit)
You shoot an arrow.
The arrow hits the goblin but does no damage.
The goblin is moderately wounded.
* * * LOW HITPOINT WARNING * * *
You feel very sick.
Fire: a) +0 shortbow
Press: ? - help, Shift-Dir - straight line, f/p - goblin
Aim: a goblin, wielding a +2 dagger of venom (moderately wounded, 55% to hit)
You shoot an arrow. The arrow hits the goblin.
You kill the goblin!
* * * LOW HITPOINT WARNING * * *
You feel sick.
Fire: a) +0 shortbow
Press: ? - help, Shift-Dir - straight line, f - giant cockroach
Aim: a giant cockroach (sparse dust, 62% to hit)
You shoot an arrow. The arrow hits the giant cockroach.
You kill the giant cockroach!
You die...

#.#.##.#..# #.##
#.#.##.#..######..#
##.#.##.#..........#
...........######).#
.....##.#..######..#
.....##............#
.....##....#####...#####
.....##.............)°.#
.....##....#####@..###..#
##.#.###...# #...# ..#
#†#.###...# #...# ..#
##.#.......# #..## ..#
.................## #.#
##.#..........#### .#
................. .#
...######..##.... .# #.##
..# ....


There were no monsters in sight!

Vanquished Creatures
  An endoplasm (D:1)
  A giant cockroach (D:1)
  A goblin (D:1)
  2 rats (D:1)
5 creatures vanquished.

Notes
Turn   | Place    | Note
-------+----------+-------------------------------------------
     0 | D:1      | Alarak the Barachi Hunter began the quest for the Orb.
     0 | D:1      | Reached XP level 1. HP: 17/17 MP: 1/1
    74 | D:1      | Succumbed to a goblin's poison

Illustrated notes

Levels and vault maps discovered:
D:1:      ldierk_walled_garden_2, layout_basic,
          hellmonk_ecumenical_altar_crossroads, minmay_misc_feat_more_columns

Action                     || total
---------------------------++-------
   Fire: Shortbow          ||    10
Ability: Hop               ||     1
 Armour: Leather armour    ||     2

Table legend: (Time is in decaauts)
 A = Elapsed time spent in this place.
 B = Non-inter-level travel time spent in this place.
 C = Inter-level travel time spent in this place.
 D = Time resting spent in this place.
 E = Time spent auto-exploring this place.
 F = Levels seen in this place.
 G = Mean time per level.
                   A        B        C        D        E       F      G
               +--------+--------+--------+--------+--------+-----+--------+
         Total |     88 |     88 |      0 |      0 |     68 |   1 |   88.0 |
       Dungeon |     88 |     88 |      0 |      0 |     68 |   1 |   88.0 |
               +--------+--------+--------+--------+--------+-----+--------+

Top non-repeatable levels by time:
     D:1: 88 daAuts
